 Dungeon Sprint DCSS version 0.28.0-53-g5a82cb258f (webtiles) character file.

Game seed: 13122204096819230997

9183 Zeld the Sorcerer (level 11, -1/59 HPs)
             Began as a Deep Elf Conjurer on June 5, 2022.
             Was a High Priest of Sif Muna.
             Succumbed to poison (dark miasma)
             ... in the Dungeon (Sprint III: "The Ten Rune Challenge").
             The game lasted 00:06:28 (3869 turns).

Zeld the Sorcerer (Deep Elf Conjurer)               Turns: 3869, Time: 00:06:29

Health: -1/59      AC:  2    Str:  4    XL:     11   Next: 19%
Magic:  39/39      EV: 17    Int: 28    God:    Sif Muna [*****.]
Gold:   2220       SH:  0    Dex: 13    Spells: 37/55 levels left

rFire   . . .      SeeInvis .   (no weapon)
rCold   . . .      Faith    .   (no shield)
rNeg    . . .      Spirit   .   a - +0 robe
rPois   .          Reflect  .   (no helmet)
rElec   .          Harm     .   (no cloak)
rCorr   .          Rampage  .   (no gloves)
Will    +....      NoTele   +   (no boots)
Stlth   ++........              (no amulet)
HPRegen 0.19/turn               (no ring)
MPRegen 0.26/turn               (no ring)

@: lethally poisoned (-1 -> -30), slowed, very slow
A: talons 1, robust 1
a: Renounce Religion, Channel Magic, Forget Spell, Divine Exegesis


You were in the Dungeon.
You worshipped Sif Muna.
Sif Muna was extremely pleased with you.
You visited 1 branch You collected 2220 gold pieces.

Inventory:

Armour
 a - a +0 robe (worn)
Wands
 n - a wand of flame (9)
Scrolls
 i - a scroll of immolation {unknown}
 j - 3 scrolls of identify
 m - a scroll of holy word {unknown}
Potions
 d - a potion of haste
 e - 2 potions of magic
 f - 2 potions of berserk rage
 h - a potion of mutation
 k - 3 potions of might
 l - 3 potions of flight
Miscellaneous
 o - a piece from Xom's chessboard (15/15)


   Skills:
 + Level 10.8 Dodging
 - Level 2.4 Stealth
 * Level 22.6 Spellcasting
 + Level 14.6 Conjurations
 - Level 2.0 Hexes
 - Level 2.0 Translocations
 * Level 0.0 Air Magic
 - Level 14.0 Invocations
 + Level 6.6 Evocations


You had 37 spell levels left.
You knew the following spells:

 Your Spells              Type           Power      Damage    Failure   Level
a - Magic Dart            Conj           100%       1d8       0%          1
b - Searing Ray           Conj           100%       2d8       0%          2
c - Fulminant Prism       Conj/Hex       33%        3d16      1%          4
d - Iskenderun's Mystic   Conj/Tloc      67%        2d14      1%          4
z - Orb of Destruction    Conj           42%        9d12      2%          7

Your spell library contained the following spells:

 Spells                   Type           Power      Damage    Failure   Level
 Animate Skeleton         Necr           62%        N/A       1%          1
 Apportation              Tloc           84%        N/A       1%          1
 Shock                    Conj/Air       100%       1d9       1%          1
 Summon Small Mammal      Summ           100%       N/A       1%          1
 Corpse Rot               Necr/Air       62%        N/A       1%          2
 Dazzling Flash           Conj/Hex       100%       N/A       1%          3
 Stone Arrow              Conj/Erth      100%       3d13      1%          3
 Sticky Flame             Conj/Fire      64%        2d8       1%          4
 Iskenderun's Battlesphe  Conj           85%        2d13      1%          5
 Anguish                  Hex/Necr       18%        N/A       8%          4
 Conjure Ball Lightning   Conj/Air       32%        3x3d10    9%          6
 Starburst                Conj/Fire      32%        6d10      9%          6
 Dispel Undead            Necr           31%        3d14      11%         4
 Summon Lightning Spire   Summ/Air       31%        N/A       11%         4
 Death Channel            Necr           15%        N/A       86%         6
 Lehudib's Crystal Spear  Conj/Erth      32%        10d8      98%         8
 Borgnjor's Revivificati  Necr           15%        N/A       100%        8
 Chain Lightning          Conj/Air       32%        3d42      100%        9


Dungeon Overview and Level Annotations

Branches:
Dungeon (1/1)

Altars:
Cheibriados
Dithmenos
Elyvilon
Fedhas
Gozag
Hepliaklqana
Kikubaaqudgha
Makhleb
Nemelex Xobeh
Okawaru
Qazlal
Ru
Sif Muna
Trog
Uskayaw
Vehumet
Wu Jian
Xom
Yredelemnul
Zin
The Shining One
Beogh
Jiyva
Lugonu

Shops:
D (

Annotations:
D exclusion: obsidian statue


Innate Abilities, Weirdness & Mutations

You have sharp toenails.
You are robust. (+10% HP)


Message History

You feel less invigorated.
Casting: Iskenderun's Mystic Blast (safe; 1% risk of failure)
Confirm with . or Enter, or press ? or * to list all spells.
You can't see any susceptible monsters within range! (Use Z to cast anyway.)
Casting: Iskenderun's Mystic Blast (safe; 1% risk of failure)
Confirm with . or Enter, or press ? or * to list all spells.
You can't see any susceptible monsters within range! (Use Z to cast anyway.) Unknown command.
You start resting.
You start resting.
You start resting.
You start resting.
There is an open door here.
Clearing quiver.
Okay, then.
Okay, then.
You start resting.
HP restored.
You start waiting.
You open the door.
Unknown command.
You are engulfed in dark miasma.
You are poisoned.
You feel yourself slow down.
You feel very sick.
There is an open door here.
You are engulfed in dark miasma.
You are lethally poisoned!
You feel as though you will be slow longer.
* * * LOW HITPOINT WARNING * * *
You feel extremely sick.
You feel better.
You are engulfed in dark miasma.
You are poisoned.
* * * LOW HITPOINT WARNING * * *
x2 You feel extremely sick.
Unknown command.
You feel better.
You are engulfed in dark miasma.
You are lethally poisoned!
You feel as though you will be slow longer.
* * * LOW HITPOINT WARNING * * *
You die...

#...#.§§≈≈#
#.).#.#≈≈≈#
#####.# §§≈#
#).)..# ≈§§≈
#.....# §≈≈
#..)).#+###§§
#.....#○§§#
#○#####○§.#
#☼☼☼☼°°@○☼+
#○#########
#.# #.# #.# #
#.# ##8# #.#
###§..#
#.#+#§§§..#
#.#§§§§§§5#


There were no monsters in sight!

Vanquished Creatures
  Sigmund (D)
  Erolcha (D)
  4 orc high priests (D)
  2 deep elf pyromancers (D)
  3 deep elf zephyrmancers (D)
  An orc sorcerer (D)
  Edmund (D)
  3 wandering mushrooms (D)
  A shadow (D)
  2 redbacks (D)
  A spatial vortex (D)
  An orc warrior (D)
  A necrophage (D)
  5 two-headed ogres (D)
  A water elemental (D)
  2 orc priests (D)
  A jelly (D)
  Jessica (D)
  A wizard (D)
  5 orc wizards (D)
  A necromancer (D)
  A kobold demonologist (D)
  3 humans (D)
  A wolf (D)
  9 orcs (D)
  2 endoplasms (D)
  A rat (D)
56 creatures vanquished.

Vanquished Creatures (others)
  11 fulminant prisms (D)
  11 plants (D)
22 creatures vanquished.

Grand Total: 78 creatures vanquished

Notes
Turn   | Place    | Note
-------+----------+-------------------------------------------
     0 | D        | Zeld the Deep Elf Conjurer began the quest for the Orb.
     0 | D        | Reached XP level 1. HP: 10/10 MP: 6/6
     4 | D        | Reached skill level 1 in Hexes
     4 | D        | Reached skill level 1 in Translocations
   135 | D        | Noticed Jessica
   138 | D        | Killed Jessica
   139 | D        | Reached skill level 6 in Spellcasting
   139 | D        | Reached skill level 5 in Conjurations
   139 | D        | Reached XP level 2. HP: 4/15 MP: 4/11
   139 | D        | Reached XP level 3. HP: 6/19 MP: 4/13
   143 | D        | Learned a level 2 spell: Searing Ray
   417 | D        | Reached skill level 7 in Spellcasting
   539 | D        | Reached skill level 8 in Spellcasting
   565 | D        | Gained mutation: You are somewhat resistant to further
                  | mutation. [potion of mutation]
   684 | D        | Lost mutation: You are somewhat resistant to further
                  | mutation. [potion of mutation]
   684 | D        | Gained mutation: Your magical capacity is low. (-10% MP)
                  | [potion of mutation]
   828 | D        | Lost mutation: Your magical capacity is low. (-10% MP)
                  | [potion of mutation]
   828 | D        | Gained mutation: You are robust. (+10% HP) [potion of
                  | mutation]
   828 | D        | Gained mutation: You have sharp toenails. [potion of
                  | mutation]
   856 | D        | Noticed a water elemental
   869 | D        | Killed a water elemental
   870 | D        | Reached skill level 10 in Spellcasting
   870 | D        | Reached XP level 4. HP: 26/26 MP: 10/18
   875 | D        | Learned a level 4 spell: Fulminant Prism
   880 | D        | Learned a level 4 spell: Iskenderun's Mystic Blast
   992 | D        | Found a radiant altar of Vehumet.
   992 | D        | Found a shimmering blue altar of Sif Muna.
   992 | D        | Found an ancient bone altar of Kikubaaqudgha.
   992 | D        | Noticed a wizard
   996 | D        | Killed a wizard
   997 | D        | Reached XP level 5. HP: 27/30 MP: 11/20
   999 | D        | Became a worshipper of Sif Muna the Loreminder
  1002 | D        | Reached skill level 11 in Spellcasting
  1102 | D        | Found a hide-covered altar of Uskayaw.
  1102 | D        | Found an iron altar of Okawaru.
  1102 | D        | Found a bloodstained altar of Trog.
  1102 | D        | Found an ornate altar of the Wu Jian Council.
  1102 | D        | Noticed a human
  1108 | D        | Found a basalt altar of Yredelemnul.
  1108 | D        | Found a shadowy altar of Dithmenos.
  1108 | D        | Found a sacrificial altar of Ru.
  1108 | D        | Noticed a necrophage
  1111 | D        | Killed a necrophage
  1112 | D        | Reached skill level 5 in Dodging
  1112 | D        | Reached skill level 12 in Spellcasting
  1112 | D        | Reached * piety under Sif Muna
  1113 | D        | Reached XP level 6. HP: 35/35 MP: 9/23
  1409 | D        | Noticed a shadow
  1415 | D        | Killed a shadow
  1416 | D        | Reached skill level 13 in Spellcasting
  1510 | D        | Found a glowing silver altar of Zin.
  1510 | D        | Found a glowing golden altar of the Shining One.
  1510 | D        | Found a white marble altar of Elyvilon.
  1510 | D        | Noticed a deep elf pyromancer
  1516 | D        | Killed a deep elf pyromancer
  1516 | D        | Reached ** piety under Sif Muna
  1517 | D        | Reached skill level 15 in Spellcasting
  1517 | D        | Reached skill level 10 in Conjurations
  1517 | D        | Reached XP level 7. HP: 17/39 MP: 9/27
  1694 | D        | Noticed a human
  1695 | D        | Killed a human
  1695 | D        | Killed a human
  1696 | D        | Reached XP level 8. HP: 45/45 MP: 20/29
  1759 | D        | Found a blossoming altar of Fedhas.
  1759 | D        | Found a stormy altar of Qazlal.
  1759 | D        | Found a snail-covered altar of Cheibriados.
  1759 | D        | Found a burning altar of Makhleb.
  1759 | D        | Found a shimmering altar of Xom.
  1760 | D        | Found a hazy altar of Hepliaklqana.
  1760 | D        | Found an opulent altar of Gozag.
  1760 | D        | Found a sparkling altar of Nemelex Xobeh.
  1760 | D        | Found a corrupted altar of Lugonu.
  1760 | D        | Found a viscous altar of Jiyva.
  1985 | D        | Reached *** piety under Sif Muna
  1986 | D        | Reached skill level 16 in Spellcasting
  2233 | D        | Noticed a two-headed ogre
  2239 | D        | Killed a two-headed ogre
  2240 | D        | Reached skill level 10 in Invocations
  2244 | D        | Noticed a two-headed ogre
  2323 | D        | Killed a two-headed ogre
  2323 | D        | Reached **** piety under Sif Muna
  2324 | D        | Reached skill level 17 in Spellcasting
  2324 | D        | Reached XP level 9. HP: 36/49 MP: 7/32
  2405 | D        | Noticed Erolcha
  2413 | D        | Killed Erolcha
  2414 | D        | Reached skill level 18 in Spellcasting
  2611 | D        | Noticed a wandering mushroom
  2621 | D        | Noticed a wandering mushroom
  2626 | D        | Killed a wandering mushroom
  2627 | D        | Noticed a wandering mushroom
  2634 | D        | Killed a wandering mushroom
  2634 | D        | Reached ***** piety under Sif Muna
  2635 | D        | Reached skill level 19 in Spellcasting
  2640 | D        | Killed a wandering mushroom
  2796 | D        | Noticed an orc high priest
  2796 | D        | Noticed an orc sorcerer
  2797 | D        | Received a gift from Sif Muna
  2799 | D        | Got Lewiafep's Compendium of Darkness {god gift}
  2800 | D        | Noticed a sun demon
  2810 | D        | Noticed a hellwing
  2810 | D        | Noticed a sun demon
  2820 | D        | Killed an orc high priest
  2820 | D        | Received a gift from Sif Muna
  2821 | D        | Reached XP level 10. HP: 32/55 MP: 18/35
  2823 | D        | Killed an orc sorcerer
  2824 | D        | Reached skill level 20 in Spellcasting
  2955 | D        | Got Sif Muna's Compendium of Combat Magic {god gift}
  2965 | D        | Learned a level 7 spell: Orb of Destruction
  3022 | D        | Found Caikakkonn's Weapon Emporium.
  3198 | D        | Noticed a deep elf zephyrmancer
  3198 | D        | Noticed a deep elf zephyrmancer
  3198 | D        | Noticed a deep elf pyromancer
  3198 | D        | Noticed a deep elf pyromancer
  3198 | D        | Noticed a deep elf zephyrmancer
  3207 | D        | Noticed a deep elf annihilator
  3208 | D        | Killed a deep elf pyromancer
  3209 | D        | Reached skill level 1 in Evocations
  3209 | D        | Killed a deep elf zephyrmancer
  3209 | D        | Killed a deep elf zephyrmancer
  3210 | D        | Reached skill level 21 in Spellcasting
  3214 | D        | Killed a deep elf zephyrmancer
  3214 | D        | Received a gift from Sif Muna
  3217 | D        | Got Sif Muna's Grimoire of Weightlessness and Confrontation
                  | {god gift}
  3333 | D        | Noticed Edmund
  3334 | D        | Noticed Sigmund
  3342 | D        | Killed Sigmund
  3343 | D        | Reached skill level 10 in Dodging
  3343 | D        | Reached skill level 22 in Spellcasting
  3343 | D        | Reached XP level 11. HP: 23/59 MP: 19/39
  3345 | D        | Killed Edmund
  3608 | D        | Reached ****** piety under Sif Muna
  3762 | D        | Noticed an obsidian statue
  3869 | D        | Succumbed to poison (dark miasma)

Illustrated notes

Levels and vault maps discovered:
D:        dungeon_sprint_mu [sprint_mu_entry_forest, sprint_mu_temple_rooms,
          sprint_mu_d1_spiders, sprint_mu_d2_genie, sprint_mu_d3_branching,
          sprint_mu_orc_legion, sprint_mu_elf_gauntlet, sprint_mu_hive_nellie,
          sprint_mu_lair_fedhas, sprint_mu_vaults_butterflies,
          sprint_mu_slime_circle, sprint_mu_swamp_cave, sprint_mu_snake_twists,
          sprint_mu_blade_basic, sprint_mu_crypt_chambers,
          sprint_mu_tomb_spiral, sprint_mu_vestibule_basic,
          sprint_mu_gehenna_hellfire, sprint_mu_dis_giant,
          sprint_mu_tartarus_statrot, sprint_mu_cocytus_islands, sprint_mu_zot1]

Skill      XL: |  1  2  3  4  5  6  7  8  9 10 |
---------------+-------------------------------+-----
Hexes          | 2 |  2.0
Translocations | 2 |  2.0
Spellcasting   | 6 10 12 15 17 19 22 | 22.6
Conjurations   | 5 7 8 10 11 12 14 | 14.6
Dodging        | 3 5 7 8 10 | 10.8
Invocations    | 7 8 10 13 14 | 14.0
Evocations     | 6 |  6.6
Stealth        | |  2.4

Action                   |  1- 3 |  4- 6 |  7- 9 | 10-12 || total
-------------------------+-------+-------+-------+-------++-------
Melee: Unarmed           |     1 |     1 |     6 |     1 ||     9
       Kick              |       |       |     5 |     1 ||     6
 Cast: Magic Dart        |     9 |       |       |       ||     9
       Searing Ray       |     4 |     4 |     7 |     4 ||    19
       Iskenderun's Myst |       |    10 |    35 |    26 ||    71
       Fulminant Prism   |       |     1 |     7 |     3 ||    11
Invok: Channel Magic     |       |       |     1 |     1 ||     2
Evoke: Wand              |       |       |       |     1 ||     1
  Use: Potion            |     3 |       |     1 |     2 ||     6
       Scroll            |       |       |     1 |       ||     1
Armor: Robe              |       |       |       |     2 ||     2
Dodge: Dodged            |     7 |     5 |     6 |    13 ||    31
